 Dungeon Crawl Stone Soup version 0.21.1-1-g345015fe64 (webtiles) character file.

97 PikkenKukken the Shooter (level 4, 0/37 HPs)
             Began as a Centaur Hunter on June 24, 2018.
             Was an Initiate of the Shining One.
             Slain by an orc (2 damage)
             ... on level 3 of the Dungeon.
             The game lasted 00:04:52 (1708 turns).

PikkenKukken the Shooter (Centaur Hunter)           Turns: 1708, Time: 00:04:53

Health: 0/37       AC:  9    Str: 13 (15) XL:     4   Next: 42%
Magic:  4/4        EV:  9    Int:  8 (10) God:    the Shining One [......]
Gold:   100        SH:  0    Dex:  7 (10) Spells: 3/3 levels left

rFire    . . .     SeeInvis .   b - +1 dagger (elec)
rCold    . . .     Gourm    .   (no shield)
rNeg     . . .     Faith    .   c - +0 leather armour
rPois    .         Spirit   .   (no helmet)
rElec    .         Reflect  .   (no cloak)
rCorr    .         Harm     .   j - +2 pair of gloves
MR       .....                  (no barding)
Stlth    +.........             (no amulet)
HPRegen  0.12/turn              k - ring of stealth
MPRegen  0.09/turn              l - +2 ring of protection

@: glowing, very quick
A: large, hooves 3, deformed body, speed 2, tough skin 3
a: Renounce Religion


You were on level 3 of the Dungeon.
You worshipped the Shining One.
The Shining One was noncommittal.
You were not hungry.

You visited 1 branch of the dungeon, and saw 3 of its levels.

You collected 100 gold pieces.

Inventory:

Hand Weapons
 a - a +1 shortbow
 b - a +1 dagger of electrocution (weapon)
Missiles
 d - 4 arrows
 g - 11 bolts
Armour
 c - a +0 leather armour (worn)
 j - a +2 pair of gloves (worn)
Jewellery
 k - a ring of stealth (left hand)
 l - a +2 ring of protection (right hand)
Scrolls
 e - a scroll of amnesia
 h - a scroll of remove curse
Comestibles
 f - 4 rations
 i - a chunk of flesh


   Skills:
 + Level 2.7 Fighting
 + Level 6.9 Bows
 + Level 1.9 Dodging
 - Level 0.5 Stealth


You had 3 spell levels left.
You didn't know any spells.

Dungeon Overview and Level Annotations

Branches:
Dungeon (3/15)

Altars:
The Shining One


Innate Abilities, Weirdness & Mutations

You have hooves in place of feet.
Armour fits poorly on your strangely shaped body.
You cover ground very quickly.
You have extremely tough skin. (AC +3)


Message History

The orc is lightly wounded.
The orc hits you.
The orc priest looks braver for a moment.
You hit the orc but do no damage. Lightning courses through the orc!
You kill the orc!
You feel your intelligence returning. The orc hits you.
You hit the orc priest but do no damage.
You kick the orc priest.
The orc priest is severely wounded.
The orc barely misses you.
The orc priest mumbles some strange prayers to Beogh against you.
Beogh smites you!
* * * LOW HITPOINT WARNING * * *
An orc comes into view. It is wielding a flail.
The orc shouts!
You hit the orc priest.
The orc priest is almost dead.
The orc hits you.
You die...

#.## .# #.(## ..
#.###...##.#
#o..o.(....#
....###...#### ##
#..## #.#######..#
#........oo#
#.########@##
#######.# ##...##
.)....#.# ##.(...##
##..#...# ##.......#
.##†##..####..[......#
.(#..#.....'...[.....+
#[...#..####.(..>....#
##..##..# ##.......##
.####...# ##.....##


You could see an orc priest and 2 orcs.

Vanquished Creatures
  4 adders
  An ooze (D:1)
  A worm (D:2)
  3 dart slugs (D:1)
  4 leopard geckos
  2 orcs (D:3)
  4 bats
  3 giant cockroaches (D:1)
  3 hobgoblins
  4 jackals (D:1)
  2 frilled lizards
  3 goblins
  6 kobolds
  3 rats
43 creatures vanquished.

Notes
Turn   | Place    | Note
-------+----------+-------------------------------------------
     0 | D:1      | PikkenKukken the Centaur Hunter began the quest for the Orb.
     0 | D:1      | Reached XP level 1. HP: 17/17 MP: 1/1
   118 | D:1      | Reached XP level 2. HP: 24/24 MP: 2/2
   123 | D:1      | Reached skill level 6 in Bows
   436 | D:1      | Reached XP level 3. HP: 29/29 MP: 3/3
  1271 | D:2      | Reached XP level 4. HP: 33/37 MP: 4/4
  1354 | D:2      | Found a glowing golden altar of the Shining One.
  1357 | D:2      | Became a worshipper of the Shining One
  1708 | D:3      | Slain by an orc

Skill      XL: |  1  2 |
---------------+-------+-----
Bows           | 6 |  6.9
Fighting       | |  2.7
Dodging        | |  1.9
Stealth        | |  0.5

Action                   |  1- 3 |  4- 6 || total
-------------------------+-------+-------++-------
Melee: Short sword       |    17 |    23 ||    40
       Kick              |     1 |     4 ||     5
       Dagger            |       |     5 ||     5
 Fire: Shortbow          |    81 |    15 ||    96
  Use: Scroll            |     4 |       ||     4
       Potion            |     1 |     2 ||     3
  Eat: Chunk             |       |     1 ||     1
Armor: Leather armour    |    13 |    11 ||    24
Dodge: Dodged            |    15 |    15 ||    30
